 Dungeon Crawl Stone Soup version 0.30-a0-1094-g860fb061e7 (webtiles) character file.

Game seed: 13362042802922486265

152251 gremlins the Thaumaturge (level 16, -21/136 HPs)
             Began as a Demigod Conjurer on Apr 17, 2023.
             Shot with a bolt by Vashnia (28 damage)
             ... on level 4 of the Snake Pit.
             The game lasted 01:29:14 (35037 turns).

gremlins the Thaumaturge (Demigod Conjurer)        Turns: 35037, Time: 01:29:15

Health: -21/136    AC: 19    Str:  8    XL:     16   Next: 47%
Magic:  32/37      EV: 21    Int: 36    God:
Gold:   2517       SH:  6    Dex: 16    Spells: 22/39 levels left

rFire   . . .      SeeInvis .    B - staff of air
rCold   + . .      Faith    .    Q - +0 buckler {rPois}
rNeg    . . .      Spirit   .    P - +0 troll leather armour
rPois   +          Reflect  .    S - +0 helmet
rElec   +          Rampage  .    s - +2 cloak
rCorr   .                        e - +2 pair of gloves
Will    +....                    c - +3 pair of mountain boots {steadfast, rC+}
Stlth   +++                      r - amulet of magic regeneration
HPRegen 1.22/turn                F - +4 ring of protection
MPRegen 0.65/turn                G - +5 ring of evasion

@: lethally poisoned (-21 -> -22), slowed, studying Unarmed Combat, very slow
A: high MP 1, forlorn, divine attributes
a: no special abilities


You were on level 4 of the Snake Pit.
You visited 4 branches of the dungeon, and saw 26 of its levels.
You also visited: Sewer and Ossuary.

You collected 2907 gold pieces.
You spent 390 gold pieces at shops.

Inventory:

Hand Weapons
 h - a +6 dagger of venom
Armour
 c - the +3 pair of mountain boots (worn) {steadfast, rC+}
   (You acquired it on level 3 of the Dungeon)

   Steadfast: It prevents involuntary movement, except for blinking,
   teleportation, or banishment.
   rC:        It protects you from cold.
 e - a +2 pair of gloves (worn)
 s - a +2 cloak (worn)
 P - a +0 troll leather armour (worn)
 Q - a +0 buckler of poison resistance (worn)
 S - a +0 helmet (worn)
Magical Staves
 B - a staff of air (weapon)
Jewellery
 g - a ring of resist corrosion
 r - an amulet of magic regeneration (around neck)
 F - a +4 ring of protection (left hand)
 G - a +5 ring of evasion (right hand)
 I - a ring of flight
Wands
 a - a wand of flame (21)
 b - a wand of iceblast (11)
 n - a wand of polymorph (19)
 x - a wand of mindburst (27)
 A - a wand of digging (9)
 M - a wand of charming (13)
 N - a wand of quicksilver (2)
Scrolls
 j - 4 scrolls of blinking
 p - 3 scrolls of brand weapon
 u - 16 scrolls of teleportation
 w - 6 scrolls of immolation
 y - a scroll of silence
 C - 3 scrolls of poison
 E - 9 scrolls of fog
 H - 4 scrolls of magic mapping
 J - 4 scrolls of butterflies
 K - 3 scrolls of amnesia
 L - 17 scrolls of identify
 R - 2 scrolls of enchant weapon
Potions
 d - 8 potions of haste
 f - 3 potions of flight
 i - 5 potions of attraction
 k - 6 potions of might
 l - 5 potions of lignification
 m - 13 potions of curing
 o - 5 potions of brilliance
 q - a potion of cancellation
 t - 2 potions of magic
 v - 2 potions of heal wounds
 z - 4 potions of berserk rage
 D - a potion of mutation
 O - 3 potions of ambrosia


   Skills:
 + Level 10.9 Fighting
 + Level 4.1 Staves
 + Level 10.9 Dodging
 - Level 5.0 Stealth
 - Level 7.0 Shields
 - Level 12.0 Spellcasting
 - Level 12.0 Conjurations
 - Level 7.0 Translocations
 - Level 7.0 Ice Magic
 - Level 12.0 Air Magic
 + Level 4.2 Evocations


You had 22 spell levels left.
You knew the following spells:

 Your Spells              Type           Power      Damage    Failure   Level
a - Magic Dart            Conj           100%       1d8       1%          1
b - Searing Ray           Conj           100%       2d8       1%          2
c - Iskenderun's Mystic   Conj/Tloc      74%        2d15      1%          4
d - Arcjolt               Conj/Air       52%        1d62      1%          5
e - Freezing Cloud        Conj/Ice/Air   48%        6-21      1%          5

Your spell library contained the following spells:

 Spells                   Type           Power      Damage    Failure   Level
 Poisonous Vapours        Pois/Air       100%       N/A       1%          2
 Dazzling Flash           Conj/Hex       100%       N/A       1%          3
 Mephitic Cloud           Conj/Pois/Air  87%        N/A       1%          3
 Vhi's Electric Charge    Tloc/Air       100%       N/A       1%          3
 Passage of Golubria      Tloc           64%        N/A       1%          4
 Volatile Blastmotes      Fire/Tloc      92%        2d17      2%          3
 Fulminant Prism          Conj/Hex       29%        3d13      3%          4
 Sublimation of Blood     Necr           21%        N/A       5%          2
 Irradiate                Conj/Tmut      29%        3d21      9%          5
 Tukima's Dance           Hex            21%        N/A       11%         3
 Summon Forest            Summ/Tloc      23%        N/A       22%         5
 Petrify                  Tmut/Erth      21%        N/A       34%         4
 Lee's Rapid Deconstruct  Erth           10%        3d8*      67%         5
 Yara's Violent Unravell  Hex/Tmut       10%        3d6       67%         5
 Maxwell's Capacitive Co  Air            52%        ∞         86%         8
 Eringya's Noxious Bog    Tmut/Pois      10%        N/A       99%         6
 Summon Hydra             Summ           10%        N/A       100%        7


Dungeon Overview and Level Annotations

Branches:
Dungeon (15/15)            Temple (0/1) D:6            Lair (5/5) D:10
 Shoals (0/4) Lair:2        Snake (4/4) Lair:2        Slime (0/5) Lair:5
    Orc (2/2) D:12            Elf (0/3) Orc:2        Vaults (0/5) D:13
 Depths (0/4) D:15          Sewer (visited)         Ossuary (visited)

Shops:
D:7 *   D:12 [(   Orc:1 ?   Orc:2 [*(=:   Snake:1 *   Snake:3 =::   Snake:4 :(

Annotations:
Lair:1 3 runed translucent doors, MrClown's ghost, journeyman DsNe
Lair:4 3 runed translucent doors, Ikikoito's ghost, journeyman TrFi
Lair:5 2 runed translucent doors
Snake:4 Vashnia


Innate Abilities, Weirdness & Mutations

You have an increased reservoir of magic. (+10% MP)
You shall have no god before yourself.
Your divine heritage dramatically boosts your attributes as you level up.


Message History

You feel sick.
You are no longer poisoned.
Vashnia spits poison at you. The splash of poison misses you.
Aiming: Quicksilver Bolt
Press: ? - help, Shift-Dir - straight line, f/p - Vashnia
Aim: Vashnia, wielding a +0 arbalest and wearing a +0 barding of cold resistance (freezing vapour, heavily wounded, 51% to hit)
The bolt of dispelling energy misses Vashnia.
Vashnia is engulfed in freezing vapours.
Vashnia shoots a bolt.
The bolt hits you!!
Vashnia is engulfed in freezing vapours.
Vashnia spits poison at you.
The splash of poison hits you but does no damage.
You are poisoned.
You resist.
Aiming: Quicksilver Bolt
Press: ? - help, Shift-Dir - straight line, f/p - Vashnia
Aim: Vashnia, wielding a +0 arbalest and wearing a +0 barding of cold resistance (freezing vapour, severely wounded, catching her breath, 51% to hit)
The bolt of dispelling energy hits Vashnia!!
Vashnia is severely wounded.
You feel sick.
Vashnia is engulfed in freezing vapours.
Vashnia shoots a bolt.
The bolt hits you!!
* * * LOW HITPOINT WARNING * * *
A naga comes into view. It is wielding a +0 scimitar.
Unknown command.
Unknown command.
You feel much better.
You feel sick.
Vashnia is engulfed in freezing vapours.
Vashnia shoots a bolt.
The bolt hits you!!
* * * LOW HITPOINT WARNING * * *
The naga spits poison at you. The splash of poison misses you.
Vashnia is engulfed in freezing vapours.
Vashnia shoots a bolt.
The bolt completely misses you.
A naga comes into view. It is wielding a +0 mace.
You feel sick.
Vashnia is engulfed in freezing vapours.
Vashnia shoots a bolt.
The bolt hits you!!
You die...

...8.8.# #..##..)##..)## #
.......##########.# #).)...###
......###[[.<[....# ##÷).$##.# #
.≈≈.......######### ###'+###.# ##
.≈≈≈.......## #####.[....#.###.
.≈≈≈.#####..#####N§☼.).###...##..
∩....## ##.##...§NN.....###.#..#
.≈≈≈..## #.##.##°######## #...##
.≈≈≈...####[##..@.§...).####.#...
.≈≈....##......)..........#......
.......##.####.(........#........
#..##.##..# #...................
.........#####†)).[.....#..#.....
.........##).)§..)...............
............)#§§○........###.....
...............§§................
....).).....###.......######.....


You could see Vashnia and 2 nagas.

Vanquished Creatures
  Nikola (Snake:1)
  3 nagarajas
  Aizul (Lair:2)
  An orc warlord (Orc:2)
  Snorg (D:13)
  An ettin (D:15)
  Josephine (Lair:4)
  2 salamander tyrants (Snake:4)
  2 vault guards (D:13)
  6 death knights
  4 hydras
  A catoblepas (Lair:1)
  2 centaur warriors
  3 death yaks (D:10)
  13 anacondas
  3 two-headed ogres
  9 naga warriors
  4 boulder beetles
  6 tengu warriors
  Urug (D:13)
  2 orc high priests (Orc:2)
  8 naga sharpshooters
  12 shock serpents
  2 skeletal warriors
  2 salamander mystics (Snake:4)
  5 naga ritualists
  2 deep trolls (D:15)
  2 wizards
  A lindwurm (Lair:5)
  2 phantasmal warriors (D:15)
  2 deep elf pyromancers
  A necromancer (D:13)
  Pikel (D:8)
  6 orc knights
  A salamander (shapeshifter) (D:14)
  17 mana vipers
  A cyclops (D:15)
  2 manticores
  7 ugly things
  A rust devil (D:12)
  14 salamanders
  17 elephants
  37 black mambas
  22 naga magi
  12 guardian serpents
  3 gargoyles
  An unseen horror (D:11)
  3 molten gargoyles (Lair:5)
  8 cane toads
  A torpor snail (Lair:3)
  6 komodo dragons
  2 rime drakes
  Psyche (D:8)
  2 kobold demonologists (D:13)
  A tengu conjurer (D:15)
  An efreet (D:15)
  An ice devil (D:12)
  9 meliai
  A hellwing (D:12)
  9 trolls
  2 polar bears
  Grinder (D:4)
  4 blink frogs (Lair:1)
  2 dream sheep (Lair:3)
  A snapping turtle (Lair:2)
  A centaur simulacrum (D:14)
  3 vampires
  7 slime creatures (D:15)
  9 wyverns
  10 wraiths
  21 yaks
  Eustachio (D:4)
  A water elemental (D:14)
  20 humans
  Grum (D:10)
  5 basilisks
  2 steam dragons
  16 vampire mosquitoes
  A chaos spawn (D:12)
  Menkaure (D:7)
  33 nagas
  4 wargs (Orc:2)
  4 hell hounds (Lair:5)
  14 water moccasins
  An ice beast (D:5)
  25 orc warriors
  A black bear (Lair:1)
  11 ogres
  3 sky beasts
  8 centaurs
  2 wolves (D:10)
  2 lemures (D:7)
  4 kobold brigands
  Blork the orc (D:6)
  4 bullfrogs
  4 scorpions
  16 wights
  3 killer bees (D:11)
  3 howler monkeys
  An electric eel (Lair:2)
  3 lava snakes (Lair:5)
  A quasit (D:12)
  3 hounds
  6 jellies
  Crazy Yiuf (D:5)
  10 orc priests
  2 sleepcaps
  A gnoll bouda (D:10)
  Ijyb (D:3)
  An iguana (D:5)
  Natasha (twice) (D:4)
  22 orc wizards
  A mummy (Ossuary)
  4 gnolls (D:10)
  2 river rats (Sewer)
  8 adders
  A white imp (D:7)
  5 worms
  65 orcs
  9 ball pythons
  8 bats
  19 endoplasms
  6 giant cockroaches
  10 goblins
  9 hobgoblins
  14 jackals
  22 kobolds
  3 quokkas
  10 frilled lizards
  8 gnoll skeletons (Ossuary)
  8 kobold skeletons (Ossuary)
  9 orc skeletons (Ossuary)
  6 rats
  2 butterflies (D:8)
828 creatures vanquished.

Vanquished Creatures (others)
  A wizard (D:13)
  A kobold (D:8)
  13 demonic plants (D:12)
  13 fungi
  29 plants
57 creatures vanquished.

Grand Total: 885 creatures vanquished

Notes
Turn   | Place    | Note
-------+----------+-------------------------------------------
     0 | D:1      | gremlins the Demigod Conjurer began the quest for the Orb.
     0 | D:1      | Reached XP level 1. HP: 14/14 MP: 5/5
   126 | D:1      | Reached XP level 2. HP: 9/20 MP: 0/7
   129 | D:1      | Learned a level 2 spell: Searing Ray
   734 | D:1      | Reached XP level 3. HP: 26/26 MP: 3/8
  1369 | D:2      | Reached skill level 5 in Conjurations
  1641 | D:2      | Reached XP level 4. HP: 33/33 MP: 6/10
  1899 | D:2      | Learned a level 4 spell: Iskenderun's Mystic Blast
  2571 | D:3      | Noticed Ijyb
  2581 | D:3      | Killed Ijyb
  3076 | D:3      | Reached XP level 5. HP: 38/38 MP: 4/12
  3196 | D:3      | Identified a scroll of acquirement
  3196 | D:3      | Acquired the +3 pair of mountain boots {steadfast, rC+}
  3196 | D:3      | Found the +3 pair of mountain boots {steadfast, rC+}
  3318 | D:4      | Noticed an ogre
  3325 | D:4      | Killed an ogre
  3326 | D:4      | Reached XP level 6. HP: 45/45 MP: 5/14
  3743 | D:4      | Noticed Eustachio
  3750 | D:4      | Killed Eustachio
  3899 | D:4      | Reached skill level 1 in Translocations
  3953 | D:4      | Noticed Grinder
  3958 | D:4      | Killed Grinder
  3959 | D:4      | Reached XP level 7. HP: 34/50 MP: 10/17
  4279 | D:4      | Noticed Natasha
  4311 | D:4      | Killed Natasha
  4364 | D:5      | Entered Level 5 of the Dungeon
  4396 | D:5      | Reached skill level 5 in Spellcasting
  4919 | D:5      | Found a runed translucent door.
  4920 | D:5      | Noticed Crazy Yiuf
  4927 | D:5      | Killed Crazy Yiuf
  4937 | D:5      | Identified the +5 hammer "Ytarhos" {holy, rPois Int+2}
  5065 | D:5      | Reached XP level 8. HP: 57/57 MP: 10/19
  5540 | D:6      | Found a sand-covered staircase.
  5552 | Ossuary  | Entered an ossuary
  6039 | D:6      | Found a glowing drain.
  6053 | Sewer    | Entered a sewer
  6649 | D:6      | Reached skill level 5 in Translocations
  6787 | D:6      | Found a staircase to the Ecumenical Temple.
  6810 | D:6      | Reached XP level 9. HP: 48/62 MP: 4/23
  6945 | D:6      | Noticed Blork the orc
  6951 | D:6      | Killed Blork the orc
  7422 | D:7      | Reached skill level 1 in Fighting
  7498 | D:7      | Reached skill level 1 in Shields
  8064 | D:7      | Found Joitzy's Gadget Gallery.
  8334 | D:7      | Noticed Menkaure
  8343 | D:7      | Killed Menkaure
  8958 | D:8      | Noticed Psyche
  8958 | D:8      | Noticed Pikel
  9436 | D:8      | Killed Psyche
  9490 | D:8      | Killed Pikel
  9491 | D:8      | Reached XP level 10. HP: 77/77 MP: 9/26
 11032 | D:10     | Entered Level 10 of the Dungeon
 11047 | D:10     | Reached skill level 5 in Dodging
 11440 | D:10     | Found a staircase to the Lair.
 11440 | D:10     | Noticed a death yak
 11442 | D:10     | Noticed a death yak
 11442 | D:10     | Noticed a death yak
 11698 | D:10     | Noticed Grum
 11709 | D:10     | Killed Grum
 11710 | D:10     | Reached skill level 5 in Fighting
 11970 | D:10     | Reached skill level 5 in Shields
 12241 | D:10     | Reached skill level 5 in Stealth
 12242 | D:10     | Reached XP level 11. HP: 86/86 MP: 28/28
 12246 | D:10     | Killed a death yak
 12246 | D:10     | Killed a death yak
 12251 | D:10     | Killed a death yak
 12335 | Lair:1   | Entered Level 1 of the Lair of Beasts
 12335 | Lair:1   | Noticed an eight-headed hydra
 12341 | Lair:1   | Killed an eight-headed hydra
 12410 | Lair:1   | Identified the +0 war axe of Riding Painful Death {venom,
                  | rElec rN+ Dex+3}
 12411 | Lair:1   | Found a runed translucent gate.
 12417 | Lair:1   | Found a runed translucent gate.
 12417 | Lair:1   | Found a runed translucent gate.
 12418 | Lair:1   | Noticed MrClown's ghost (journeyman DsNe)
 12828 | Lair:1   | Noticed a catoblepas
 12846 | Lair:1   | Killed a catoblepas
 13788 | Lair:2   | Reached skill level 10 in Conjurations
 13952 | Lair:2   | Found a staircase to the Shoals.
 14202 | Lair:2   | Found a staircase to the Snake Pit.
 14319 | Lair:2   | Reached skill level 10 in Spellcasting
 14466 | Lair:2   | Reached XP level 12. HP: 70/94 MP: 16/31
 16105 | Lair:4   | Noticed Josephine
 16169 | Lair:4   | Killed Josephine
 16341 | Lair:4   | Noticed a boulder beetle
 16350 | Lair:4   | Noticed a minotaur
 16351 | Lair:4   | Noticed Ikikoito's ghost (journeyman TrFi)
 16362 | Lair:4   | Killed a boulder beetle
 16430 | Lair:4   | Found a runed translucent gate.
 16430 | Lair:4   | Found a runed translucent gate.
 16430 | Lair:4   | Found a runed translucent gate.
 17140 | Lair:5   | Entered Level 5 of the Lair of Beasts
 17236 | Lair:5   | Found a staircase to the Slime Pits.
 17668 | Lair:5   | Noticed a seven-headed hydra
 17677 | Lair:5   | Killed a seven-headed hydra
 17682 | Lair:5   | Reached XP level 13. HP: 82/104 MP: 14/33
 18833 | Lair:5   | Found a large runed translucent door.
 18833 | Lair:5   | Found a large runed translucent door.
 19950 | D:12     | Found Odinach's Weapon Emporium.
 19952 | D:12     | Found a staircase to the Orcish Mines.
 19953 | D:12     | Found Varr's Armour Emporium.
 20283 | D:12     | Identified the +0 pair of gloves "Xuawone" {Stlth+}
 20555 | D:12     | Learned a level 5 spell: Arcjolt
 20771 | D:12     | Reached skill level 1 in Air Magic
 22051 | Orc:1    | Entered Level 1 of the Orcish Mines
 22679 | Orc:1    | Found Goess's Magic Scroll Shop.
 23007 | Orc:2    | Entered Level 2 of the Orcish Mines
 23800 | Orc:2    | Found Ajutoyde's Jewellery Shoppe.
 23809 | Orc:2    | Bought an amulet of magic regeneration for 390 gold pieces
 23862 | Orc:2    | Found Tipan's Vocational Training.
 23929 | Orc:2    | Found Etwin's Antique Weapon Shop.
 23944 | Orc:2    | Found a staircase to the Elven Halls.
 24013 | Orc:2    | Found Gepling's Antique Armour Boutique.
 24065 | Orc:2    | Noticed an orc warlord
 24066 | Orc:2    | Found Kote's General Store.
 24074 | Orc:2    | Reached skill level 5 in Air Magic
 24076 | Orc:2    | Killed an orc warlord
 24204 | Orc:2    | Reached XP level 14. HP: 95/118 MP: 35/35
 24615 | D:4      | Noticed Natasha
 24625 | D:4      | Killed Natasha
 25131 | D:13     | Noticed Urug
 25136 | D:13     | Killed Urug
 25284 | D:13     | Noticed Snorg
 25295 | D:13     | Killed Snorg
 25600 | D:13     | Identified the +5 war axe of Ojoase {vamp, Stlth+}
 25870 | D:13     | Reached skill level 10 in Dodging
 25898 | D:13     | Found a gate to the Vaults.
 26094 | D:13     | Reached skill level 10 in Fighting
 27107 | D:15     | Entered Level 15 of the Dungeon
 28093 | D:15     | Found a staircase to the Depths.
 28291 | Snake:1  | Entered Level 1 of the Snake Pit
 28294 | Snake:1  | Noticed Aizul
 28338 | Lair:2   | Killed Aizul
 28446 | Snake:1  | Reached XP level 15. HP: 126/126 MP: 8/36
 28770 | Snake:1  | Noticed Nikola
 28859 | Snake:1  | Killed Nikola
 28860 | Snake:1  | Reached skill level 10 in Air Magic
 29040 | Snake:1  | Found Vophoh's Mass Market.
 29245 | Snake:1  | Found the +8 Wrath of Trog {antimagic, *Rage Rampage}
 29266 | Snake:1  | Learned a level 5 spell: Freezing Cloud
 29355 | Snake:1  | Reached skill level 1 in Ice Magic
 30298 | Snake:2  | Reached skill level 5 in Ice Magic
 32462 | Snake:3  | Found Ajixus's Jewellery Shop.
 32462 | Snake:3  | Found Geupn's Book Emporium.
 32463 | Snake:3  | Found Dexic's Book Emporium.
 32465 | Snake:3  | Identified the +10 short sword of the Blowfly {heavy, Str+4
                  | Dex+5}
 32578 | Snake:3  | Noticed a nagaraja
 32592 | Snake:3  | Killed a nagaraja
 33064 | Snake:4  | Entered Level 4 of the Snake Pit
 33256 | Snake:4  | Reached skill level 1 in Staves
 33256 | Snake:4  | Reached skill level 1 in Evocations
 33421 | Snake:4  | Reached XP level 16. HP: 134/134 MP: 29/37
 33478 | Snake:4  | Found Jorun's Self-Improvement Boutique.
 33479 | Snake:4  | Found Xauntoe's Antique Weapon Emporium.
 34162 | Snake:4  | Identified the +6 arbalest of the Charming Salmon {freeze,
                  | rPois rF++ Str-3}
 34927 | Snake:4  | Noticed Vashnia
 35037 | Snake:4  | Shot with a bolt by Vashnia

Illustrated notes

Levels and vault maps discovered:
D:1:      minmay_arrival_open_corners, layout_rooms
D:2:      layout_rooms, minmay_fractal_squares_gapless_5
D:3:      layout_loops_ring, grunt_temple_overflow_open,
          shapermc_ecumenical_altar_pompeii, uniq_ijyb
D:4:      layout_basic, uniq_natasha, uniq_grinder, uniq_eustachio
D:5:      layout_loops_cross, uniq_crazy_yiuf_cottage
D:6:      layout_basic, minmay_temple_entry_large_hall,
          nicolae_ossuary_entry_monument, gup_sewer_entry_bowl,
          serial_corexii_hall, corexii_hall_statues_s,
          chequers_hall_statues_corner_a, uniq_blork_the_orc
D:7:      layout_layer_cave, nicolae_shop_gadgets, uniq_menkaure
D:8:      layout_rooms, xom_butterflies, uniq_psyche, uniq_pikel
D:9:      layout_basic, nicolae_nh_ransacked_shop
D:10:     layout_small_grid, dpeg_lair_monsters, serial_glass, glass_columns_c,
          glass_columns_b, hangedman_abyss_or_decor_clamps,
          kennysheep_generic_room_7, uniq_grum
D:11:     layout_roguey
D:12:     cheibrodos_tormentor_scu, layout_long_grid, orc_david_3,
          serial_demonic, serial_demonic_f, serial_demonic_e, serial_demonic_g,
          serial_demonic_b, serial_demonic_g, serial_demonic_g
D:13:     layout_gridville, grunt_vaults_entry_tiered, uniq_snorg, uniq_urug
D:14:     layout_small_grid, minmay_misc_feat_tiny
D:15:     hangedman_depths_entry_civil_slaughter, layout_basic, serial_glass,
          glass_columns_b, glass_columns_c, glass_columns_a, glass_columns_b,
          glass_columns_c, glass_columns_a, glass_columns_c, glass_columns_a,
          serial_bayou_ford_a, elyvilon_altar_5
Lair:1:   layout_regular_city, gammafunk_ghost_split, mumra_transporter_accident
Lair:2:   layout_chaotic_city, minmay_shoals_entry_hut,
          guppyfry_snake_entry_island, grunt_megastairs_1, lemuel_fruit_fields
Lair:3:   layout_misc_corridors, serial_bayou_shore_a
Lair:4:   layout_gridlike, maelrawn_ghost_gauntlet_escape, basic_altar,
          uniq_josephine
Lair:5:   cheibrodos_lair_end_hotspot, layout_regular_city,
          dpeg_slime_entry_corner, enter_volcano_1, basic_altar,
          chequers_serial_rivers_room_a
Snake:1:  layout_misc_corridors, minmay_shop_mass, hangedman_snake_corridor_cut,
          uniq_nikola, uniq_aizul
Snake:2:  kennysheep_six_static_rooms, layout_onion, basic_altar,
          nrook_guardian_serpent_double
Snake:3:  layout_chambers, minmay_shop_grove
Snake:4:  johnstein_snake_rune_scales, layout_rooms, serial_shops,
          nicolae_shop_tiny_statue_garden, nicolae_shop_self_help, uniq_vashnia
Orc:1:    layout_caves, serial_shops, nicolae_shop_back_alley_shop,
          mines_bat_river
Orc:2:    grunt_orc_gardens, layout_caves, grunt_orc_garden, grunt_orc_garden,
          grunt_orc_garden, grunt_orc_garden, nicolae_shop_vocational

Skill      XL: |  1  2  3  4  5  6  7  8  9 10 11 12 13 14 15 16 |
---------------+-------------------------------------------------+-----
Conjurations   | 4 5 6 7 8 10 11 12 | 12.0
Spellcasting   | 2 3 4 5 6 8 10 12 | 12.0
Translocations | 1 3 5 7 |  7.0
Dodging        | 3 5 6 9 10 | 10.9
Fighting       | 3 5 6 9 10 | 10.9
Shields        | 2 5 6 7 |  7.0
Stealth        | 5 |  5.0
Air Magic      | 5 9 12 | 12.0
Ice Magic      | 7 |  7.0
Staves         | 1 4 |  4.1
Evocations     | 1 4 |  4.2

Action                     |  1- 3 |  4- 6 |  7- 9 | 10-12 | 13-15 | 16-18 || total
---------------------------+-------+-------+-------+-------+-------+-------++-------
  Melee: Dagger            |    53 |    14 |   134 |   375 |   212 |       ||   788
         Unarmed           |     8 |       |       |       |       |       ||     8
         Punch             |       |       |     1 |       |       |       ||     1
         Staff             |       |       |       |       |    72 |    16 ||    88
   Cast: Magic Dart        |    77 |    92 |   122 |    54 |     1 |       ||   346
         Searing Ray       |     4 |    14 |    43 |    48 |    17 |       ||   126
         Iskenderun's Myst |       |       |    31 |   132 |   109 |    23 ||   295
         Arcjolt           |       |       |       |       |   291 |     5 ||   296
         Freezing Cloud    |       |       |       |       |    84 |    54 ||   138
  Evoke: Wand              |       |     1 |     5 |     3 |    14 |     4 ||    27
    Use: Scroll            |     4 |     5 |    16 |     7 |     6 |     1 ||    39
         Potion            |       |     1 |       |     2 |     9 |     1 ||    13
   Stab: Sleeping          |       |       |     2 |     1 |     2 |       ||     5
         Distracted        |       |       |       |       |     1 |       ||     1
 Armour: Robe              |    14 |     7 |    72 |   265 |    68 |       ||   426
         Troll leather arm |       |       |       |       |   157 |    34 ||   191
  Dodge: Dodged            |    52 |    17 |    92 |   315 |   602 |    62 ||  1140
  Block: Buckler           |       |       |    18 |   201 |   268 |    15 ||   502

Table legend: (Time is in decaauts)
 A = Elapsed time spent in this place.
 B = Non-inter-level travel time spent in this place.
 C = Inter-level travel time spent in this place.
 D = Time resting spent in this place.
 E = Time spent auto-exploring this place.
 F = Levels seen in this place.
 G = Mean time per level.
                   A        B        C        D        E       F      G
               +--------+--------+--------+--------+--------+-----+--------+
         Total |  35185 |  33010 |   2175 |  14118 |  13188 |  28 | 1256.6 |
       Dungeon |  18460 |  17146 |   1314 |   6848 |   7575 |  15 | 1230.7 |
          Lair |   6960 |   6553 |    407 |   2632 |   2788 |   5 | 1392.0 |
     Snake Pit |   6464 |   6166 |    298 |   3210 |   1870 |   4 | 1616.0 |
  Orcish Mines |   2419 |   2264 |    155 |   1063 |    815 |   2 | 1209.5 |
         Sewer |    467 |    467 |      0 |    202 |    132 |   1 |  467.0 |
       Ossuary |    413 |    413 |      0 |    163 |      7 |   1 |  413.0 |
               +--------+--------+--------+--------+--------+-----+--------+

Top non-repeatable levels by time:
    D:12: 2534 daAuts
 Snake:2: 1996 daAuts
     D:7: 1966 daAuts
 Snake:4: 1943 daAuts
  Lair:2: 1820 daAuts
   Orc:1: 1674 daAuts
  Lair:5: 1617 daAuts
 Snake:3: 1478 daAuts
    D:10: 1365 daAuts
  Lair:1: 1297 daAuts
     D:4: 1224 daAuts
    D:13: 1197 daAuts
  Lair:4: 1171 daAuts
     D:5: 1144 daAuts
     D:1: 1128 daAuts
